Map: Lerilak Crest

Players

LilDicky - Winner!

  • Race: Terran Terran
  • League: Diamond

Chaldi

  • Race: Zerg Zerg
  • League: Diamond

VOD

http://www.twitch.tv/tumescentpie

Description

Time

  • Played on: Dec. 11, 2015, 10:26 a.m.
  • Length: 13:47
Show
View Real Time Build Order
Export as new Build Order

LilDicky Terran - Winner!

Build Orders:  

Get SALT Encoding   

  12  0:02  SCV  
  14  0:14  SCV  
  14  0:19  Supply Depot  
  14  0:26  SCV  
  15  0:35  Refinery  
  15  0:40  SCV  
  16  0:45  Barracks  
  16  0:52  SCV  
  17  1:04  SCV  
  18  1:16  SCV  
  19  1:28  SCV  
  21  1:35  Reaper  
  21  1:39  Command Center  
  21  1:45  Orbital Command  
  21  2:00  Factory  
  21  2:08  Marine  
  22  2:09  Supply Depot  
  22  2:18  SCV  
  23  2:30  Marine  
  23  2:31  Refinery  
  24  2:48  Starport, Marine  
  25  2:54  Armory  
  25  2:57  SCV  
  26  2:59  Refinery  
  26  3:06  Marine  
  26  3:12  Starport  
  27  3:13  Factory Tech Lab  
  27  3:14  SCV  
  27  3:16  Orbital Command  
  28  3:24  Marine  
  28  3:26  SCV  
  30  3:38  SCV  
  30  3:42  Marine  
  30  3:44  Siege Tank  
  34  4:00  Marine  
  30  4:03  Orbital Command  
  25  4:12  Medivac  
  25  4:13  SCV  
  28  4:17  Marine  
  28  4:28  Thor  
  28  4:29  SCV  
  35  4:35  SCV, Marine  
  37  4:41  SCV  
  37  4:47  SCV  
  37  4:52  Liberator  
  38  4:53  Marine  
  38  4:59  Orbital Command  
  42  5:23  SCV  
  42  5:26  SCV  
  44  5:29  Supply Depot  
  44  5:37  Supply Depot  
  44  5:41  Liberator, Marine  
  45  5:45  SCV  
  46  5:50  Thor, SCV  
  46  5:52  Supply Depot  
  53  6:00  SCV, Marine  
  58  6:05  Barracks  
  58  6:06  SCV, Barracks  
  59  6:12  SCV  
  60  6:18  SCV  
  60  6:25  Liberator  
  61  6:43  Marine  
  65  7:01  Marine  
  65  7:09  SCV  
  65  7:11  Liberator  
  62  7:19  Marine  
  65  7:38  Marine  
  66  7:55  Marine  
  66  8:13  Marine  
  66  8:38  Marine x2  
  66  9:16  Supply Depot  
  66  9:17  Supply Depot x2  
  66  9:35  Command Center x2  
  66  9:38  Thor, Marine x3  
  66  9:56  Marine  
  66  11:10  Orbital Command  
  66  11:12  Orbital Command  
  66  11:13  Liberator  
  66  11:16  SCV  
  66  11:28  Marine x2  
  66  11:29  Thor, Marine  
  66  11:36  Supply Depot  
  66  11:39  Starport  
  66  11:41  Starport  
  66  11:42  Factory  
  66  11:43  Factory  
  66  11:44  Refinery  
  66  11:45  SCV x3, Refinery, Starport  
  66  11:46  SCV, Marine x2  
  66  11:47  Marine  
  66  11:57  SCV  
  66  11:58  SCV x3  
  66  12:04  Marine  
  66  12:09  SCV  
  66  12:10  SCV x3  
  66  12:13  Liberator  
  66  12:14  Liberator x2  
  66  12:15  Liberator  
  66  12:21  SCV  
  66  12:22  SCV x3  
  66  12:28  Supply Depot  
  66  12:33  Factory Tech Lab x2, SCV  
  66  12:34  SCV x3  
Show
View Real Time Build Order
Export as new Build Order

Chaldi Zerg 

Build Orders: Hatch First 

Get SALT Encoding   

  12  0:03  Drone  
  13  0:13  Overlord  
  13  0:19  Drone  
  14  0:22  Extractor  
  14  0:24  Drone  
  15  0:32  Drone  
  16  0:36  Drone  
  17  0:48  Drone  
  18  0:58  Hatchery  
  18  0:59  Drone  
  18  1:13  Extractor  
  18  1:15  Spawning Pool  
  18  1:17  Drone  
  17  1:22  Drone  
  18  1:29  Drone  
  19  1:40  Drone  
  20  1:50  Overlord  
  20  2:09  Queen  
  20  2:11  Zergling x4  
  20  2:12  Queen  
  20  2:13  Drone  
  27  2:22  Metabolic Boost  
  27  2:23  Drone x2  
  29  2:31  Drone  
  30  2:43  Overlord  
  30  2:55  Zergling x4  
  30  2:56  Baneling Nest, Zergling x4  
  33  3:06  Zergling x4  
  35  3:13  Queen  
  35  3:14  Pneumatized Carapace  
  35  3:16  Overlord  
  37  3:33  Zergling x6  
  40  3:34  Drone  
  40  3:36  Drone  
  42  3:41  Drone x2  
  42  3:47  Hatchery  
  43  3:48  Spore Crawler  
  43  3:49  Baneling x2  
  43  3:50  Baneling  
  43  3:54  Baneling  
  42  4:00  Zergling x6  
  41  4:15  Drone x2, Baneling  
  41  4:16  Drone x3  
  46  4:20  Drone x2  
  44  4:33  Drone  
  44  4:34  Drone  
  44  4:36  Extractor  
  44  4:37  Extractor  
  44  4:39  Evolution Chamber, Roach Warren  
  44  4:43  Drone, Extractor  
  44  4:44  Drone  
  42  4:56  Lair  
  42  4:59  Drone, Spore Crawler  
  41  5:00  Drone x2  
  42  5:15  Drone x2  
  42  5:21  Drone  
  45  5:22  Drone x4  
  45  5:23  Drone x2  
  51  5:31  Drone x2  
  53  5:36  Queen  
  53  5:37  Overlord  
  55  5:43  Queen  
  57  5:55  Drone  
  58  5:59  Spine Crawler  
  57  6:05  Drone x5  
  57  6:07  Drone x4, Spore Crawler  
  57  6:11  Extractor  
  64  6:13  Zergling x2  
  64  6:14  Zergling x2  
  64  6:19  Roach  
  63  6:34  Overlord, Roach  
  63  6:35  Overlord x3  
  58  6:44  Roach x5  
  62  6:52  Roach x2  
  54  6:58  Roach, Zergling x2  
  47  7:02  Drone  
  50  7:08  Zergling x2  
  50  7:14  Queen  
  47  7:16  Roach Warren  
  47  7:20  Zergling x6  
  25  7:49  Zergling x4  
Tags
 
Add a new tag
Caveats
  • Supply blocks, unpowered buildings, or Contaminate may cause inaccurate times.
  • Supply counts are checked every 10 seconds.